 Dungeon Crawl Stone Soup version 0.29-a0-266-gf56f883ddd (webtiles) character file.

Game seed: 7204413150776371610

18 spaghetti the Skirmisher (level 2, -7/25 HPs)
             Began as a Demigod Fighter on Mar 6, 2022.
             Mangled by a gnoll
             ... wielding a +3 flail
              (9 damage)
             ... on level 1 of the Dungeon.
             The game lasted 00:00:58 (519 turns).

spaghetti the Skirmisher (Demigod Fighter)           Turns: 519, Time: 00:00:59

Health: -7/25      AC:  3    Str: 17    XL:     2   Next: 33%
Magic:  6/6        EV: 10    Int: 10    God:
Gold:   127        SH:  4    Dex: 13    Spells: 4/4 levels left

rFire   + . .      SeeInvis .   e - +2 dagger (speed) {short}
rCold   + . .      Faith    .   c - +0 buckler
rNeg    . . .      Spirit   .   j - +1 robe {rC+ rF+}
rPois   .          Reflect  .   (no helmet)
rElec   .          Harm     .   (no cloak)
rCorr   .          Rampage  .   (no gloves)
Will    .....                   (no boots)
Stlth   +.........              (no amulet)
HPRegen 0.08/turn               (no ring)
MPRegen 0.10/turn               (no ring)

@: no status effects
A: high MP 1, forlorn, divine attributes
a: no special abilities


You were on level 1 of the Dungeon.
You visited 1 branch of the dungeon, and saw 1 of its levels.

You collected 127 gold pieces.


Innate Abilities, Weirdness & Mutations

You have an increased reservoir of magic. (+10% MP)
You shall have no god before yourself.
Your divine heritage dramatically boosts your attributes as you level up.


   Skills:
 - Level 2.8 Fighting
 - Level 1.7 Axes
 - Level 2.6 Armour
 - Level 2.6 Shields
 + Level 1.6 Spellcasting


You had 4 spell levels left.
You didn't know any spells.
Your spell library contained the following spells:

 Spells                   Type           Power      Damage    Failure   Level
 Conjure Flame            Conj/Fire      0%         6-21      77%         3
 Ignite Poison            Fire/Tmut/Pois 0%         N/A       77%         3
 Sticky Flame             Conj/Fire      0%         2d3       99%         4

Inventory:

Hand Weapons
 a - a +0 war axe {axe}
 e - a +2 dagger of speed (weapon) {short}
   (You took it off a kobold on level 1 of the Dungeon)
Missiles
 f - 20 stones (quivered) {throwing}
 g - 5 poisoned darts {throwing}
 k - 3 boomerangs {throwing}
Armour
 b - a +0 scale mail
 c - a +0 buckler (worn)
 j - a +1 robe of resistance (worn)
   (You found it on level 1 of the Dungeon)
Scrolls
 n - a scroll of teleportation {@r4}
Potions
 d - a potion of might
 l - 2 potions of brilliance

Dungeon Overview and Level Annotations

Branches:
Dungeon (1/15)

###############
#..............
#...............
###...............
####...............>..
####....##.....g.........
#...............@.##.....
..#......##.#..##...!....
##.....#.......##.##.....
....#.##.....#....# ....
##.#........##.#### ###
.......###..##.#
...............#
.............###
..............#


You could see a gnoll.


Message History

Unknown command.
Blink to where?
Press: ? - help, Dir - move target A hobgoblin comes into view.
As you read the scroll labelled UKIDEB NIGHEPH, it crumbles to dust.
It was a scroll of blinking.
A hobgoblin is nearby!
You hit the hobgoblin. You hit the hobgoblin but do no damage.
The hobgoblin closely misses you.
You closely miss the hobgoblin. The hobgoblin barely misses you.
You hit the hobgoblin.
You kill the hobgoblin!
No target in view!
No target in view!
No target in view!
No target in view!
No target in view!
No target in view!
No target in view!
No target in view!
No target in view!
A ball python comes into view.
A ball python is nearby!
The ball python hisses angrily.
You block the ball python's attack. The ball python misses you.
You closely miss the ball python. The ball python barely misses you.
The ball python grabs you. The ball python constricts you.
You hit the ball python.
You kill the ball python!
No target in view!
No target in view!
No target in view!
No target in view!
A giant cockroach comes into view.
A giant cockroach is nearby!
A giant cockroach is nearby!
You block the giant cockroach's attack.
You hit the giant cockroach but do no damage.
The giant cockroach bites you but does no damage.
You hit the giant cockroach.
The giant cockroach bites you but does no damage.
You hit the giant cockroach but do no damage.
The giant cockroach bites you but does no damage.
You closely miss the giant cockroach. The giant cockroach closely misses you.
You barely miss the giant cockroach. You block the giant cockroach's attack.
You hit the giant cockroach but do no damage.
You hit the giant cockroach.
The giant cockroach bites you but does no damage.
You closely miss the giant cockroach. The giant cockroach barely misses you.
You hit the giant cockroach.
You kill the giant cockroach!
No target in view!
A rat comes into view.
A rat is nearby!
The rat closely misses you.
You hit the rat.
You kill the rat!
No target in view!
No target in view!
No target in view!
No target in view!
No target in view!
No target in view!
No target in view!
No target in view!
No target in view!
No target in view!
No target in view!
You now have 98 gold pieces (gained 13).
You now have 116 gold pieces (gained 18).
Key pressed, stopping explore.
You now have 127 gold pieces (gained 11).
Key pressed, stopping explore.
Found a stone staircase leading down.
No target in view!
A gnoll comes into view. It is wielding a +3 flail.
A gnoll is nearby!
A gnoll is nearby!
The gnoll shouts!
You hit the gnoll. You block the gnoll's attack.
You hit the gnoll. The gnoll barely misses you.
You hit the gnoll.
The gnoll hits you with a +3 flail! 😮 HP[-11]
You take 11 damage, and now have 14/25 hp.
MASSIVE DAMAGE!! (PAUSE)
You are too injured to fight recklessly!
You barely miss the gnoll. You hit the gnoll but do no damage.
The gnoll hits you with a +3 flail.
* * * LOW HITPOINT WARNING * * *
😨 HP[-5]
You take 5 damage, and now have 9/25 hp.
You completely miss the gnoll. The gnoll hits you with a +3 flail!
* * * LOW HITPOINT WARNING * * *
😱 HP[-7]
You take 7 damage, and now have 2/25 hp.
MASSIVE DAMAGE!! (PAUSE)
Okay, then.
The gnoll attacks as you move away! The gnoll hits you with a +3 flail!
You die...

Skill      XL: |  1 |
---------------+----+-----
Spellcasting   | 1 |  1.6
Fighting       | |  2.8
Axes           | |  1.7
Armour         | |  2.6
Shields        | |  2.6

Action                   || total
-------------------------++-------
Melee: Dagger            ||    65
       War axe           ||     5
  Use: Scroll            ||     4
Armor: Scale mail        ||    17
       Robe              ||     4
Dodge: Dodged            ||    29
Block: Buckler           ||    14

Levels and vault maps discovered:
D:1:      wander_arrival_peaceful_grave, layout_rooms, basic_ecumenical_altar

Notes
Turn   | Place    | Note
-------+----------+-------------------------------------------
     0 | D:1      | spaghetti the Demigod Fighter began the quest for the Orb.
     0 | D:1      | Reached XP level 1. HP: 18/18 MP: 3/3
     0 | D:1      | magus.rc [v1.9.6]
    53 | D:1      | You add the spells Conjure Flame, Ignite Poison and Sticky
                  | Flame to your library.
   172 | D:1      | Reached skill level 1 in Spellcasting
   210 | D:1      | Reached XP level 2. HP: 19/25 MP: 4/6
   517 | D:1      | HP: 2/25 [gnoll/+3 flail (7)]
   519 | D:1      | Mangled by a gnoll

Vanquished Creatures
  2 endoplasms (D:1)
  2 giant cockroaches (D:1)
  3 hobgoblins (D:1)
  3 kobolds (D:1)
  A ball python (D:1)
  3 bats (D:1)
  2 rats (D:1)
16 creatures vanquished.

Table legend:
 A = Non-vault XP
 B = Vault XP
 C = Vault XP percentage of total XP
 D = Non-vault monster count
 E = Vault monster count
 F = Vault count percentage of total count
                 A         B        C        D         E       F
            +---------+---------+-------+---------+---------+-------
      Total |      26 |       0 |   0.0 |      16 |       0 |   0.0
            +---------+---------+-------+---------+---------+-------
        D:1 |      26 |       0 |   0.0 |      16 |       0 |   0.0
            +---------+---------+-------+---------+---------+-------

Illustrated notes

Table legend:
 A = Kills in this place as a percentage of kills in entire the game.
 B = Kills by you in this place as a percentage of kills by you in the entire game.
 C = Kills by friends in this place as a percentage of kills by friends in the entire game.
 D = Other kills in this place as a percentage of other kills in the entire game.
 E = Experience gained in this place as a percentage of experience gained in the entire game.
 F = Experience gained in this place divided by the number of levels of this place that you have seen.
                   A       B       C       D       E      F
               +-------+-------+-------+-------+-------+----------------------
         Total | 100.0 | 100.0 |   N/A |   N/A | 100.0 |  26.0
       Dungeon | 100.0 | 100.0 |   N/A |   N/A | 100.0 |  26.0
               +-------+-------+-------+-------+-------+----------------------

Table legend: (Time is in decaauts)
 A = Elapsed time spent in this place.
 B = Non-inter-level travel time spent in this place.
 C = Inter-level travel time spent in this place.
 D = Time resting spent in this place.
 E = Time spent auto-exploring this place.
 F = Levels seen in this place.
 G = Mean time per level.
                   A        B        C        D        E       F      G
               +--------+--------+--------+--------+--------+-----+--------+
         Total |    502 |    502 |      0 |      5 |    356 |   1 |  502.0 |
       Dungeon |    502 |    502 |      0 |      5 |    356 |   1 |  502.0 |
               +--------+--------+--------+--------+--------+-----+--------+

Top non-repeatable levels by time:
     D:1: 502 daAuts
